 Dungeon Crawl Stone Soup version 0.31-a0-841-g038b102fc3 (webtiles) character file.

Game seed: 6805813974115604814

86 Dittersdorf the Trooper (level 4, -1/29 HPs)
             Began as a Gargoyle Fighter on Sept 27, 2023.
             Slain by a giant cockroach (2 damage)
             ... on level 2 of the Dungeon.
             The game lasted 00:01:48 (1437 turns).

Dittersdorf the Trooper (Gargoyle Fighter)          Turns: 1437, Time: 00:01:49

Health: -1/29      AC: 14    Str: 22    XL:     4   Next: 49%
Magic:  4/4        EV:  8    Int:  8    God:
Gold:   87         SH:  4    Dex:  9    Spells: 3/3 levels left

rFire   . . .        a - +0 flail
rCold   . . .        c - +0 buckler
rNeg    + . .        o - +0 chain mail
rPois   ∞            n - +0 helmet
rElec   +            (no cloak)
rCorr   .            (no gloves)
SInv    .            (no boots)
Will    .....        (no amulet) Stlth
                     (no ring)
HPRegen 0.24/turn    (no ring)
MPRegen 0.09/turn

%: no passive effects
@: slowed, very slow
A: sickness immunity, AC +3, negative energy resistance 1, electricity
resistance, torment resistance 1, petrification resistance
a: no special abilities


You were on level 2 of the Dungeon.
You visited 1 branch of the dungeon, and saw 2 of its levels.

You collected 87 gold pieces.

Inventory:

Hand Weapons
 a - a +0 flail (weapon)
Armour
 c - a +0 buckler (worn)
 n - a +0 helmet (worn)
 o - a +0 chain mail (worn)
Scrolls
 e - a scroll of summoning {unknown}
 f - a scroll of silence {unknown}
 g - a scroll of blinking {unknown}
 i - a scroll of teleportation {unknown}
 j - 5 scrolls of identify {unknown}
 l - a scroll of enchant armour {unknown}
 p - a scroll of vulnerability {unknown}
Potions
 b - a potion of curing {unknown}
 d - a potion of might
 h - 2 potions of brilliance {unknown}
 k - a potion of lignification {unknown}
 m - a potion of mutation {unknown}
 q - a potion of cancellation {unknown}


   Skills:
 + Level 4.0 Fighting
 + Level 2.8 Maces & Flails
 + Level 4.0 Armour
 + Level 4.0 Shields


You had 3 spell levels left.
You didn't know any spells.
Your spell library contained the following spells:

 Spells                   Type           Power      Damage    Failure   Level
 Hailstorm                Conj/Ice       0%         3d3       100%        3
 Vhi's Electric Charge    Tloc/Air       0%         N/A       100%        4
 Cigotuvi's Dreadful Rot  Necr/Pois/Air  Unusable   N/A       N/A         2

Dungeon Overview and Level Annotations

Branches:
Dungeon (2/15)

Altars:


Innate Abilities, Weirdness & Mutations

You are immune to sickness and miasma.
Your stone body is resilient. (AC +3)
You are immune to poison.
You resist negative energy. (rN+)
You are resistant to electric shocks. (rElec)
You are resistant to unholy torment.
You are immune to petrification.


Message History

The cerulean imp hits you with a +0 spear.
* * * LOW HITPOINT WARNING * * *
Natasha claws you but does no damage. The cerulean imp closely misses you.
The cerulean imp hits you but does no damage.
You closely miss Natasha.
Natasha is almost dead.
The cerulean imp hits you but does no damage.
Natasha stares at you and mumbles some strange words.
You feel yourself slow down.
The cerulean imp hits you but does no damage. x2
You block the cerulean imp's attack. Natasha claws you but does no damage.
You hit Natasha.
Natasha is almost dead.
The cerulean imp disappears in a puff of smoke!
You block the cerulean imp's attack. Natasha closely misses you.
The giant cockroach completely misses you.
The cerulean imp hits you but does no damage.
The cerulean imp misses you. You block the cerulean imp's attack.
The giant cockroach closely misses you. Natasha claws you but does no damage.
You closely miss Natasha.
Natasha is almost dead.
The giant cockroach barely misses you.
The cerulean imp hits you from afar with a +2 spear.
* * * LOW HITPOINT WARNING * * *
Natasha stares at you and mumbles some strange words.
You resist with some effort. The cerulean imp closely misses you.
The giant cockroach bites you.
* * * LOW HITPOINT WARNING * * *
The cerulean imp hits you but does no damage.
Natasha howls an incantation.
You feel troubled.
Natasha mumbles some strange words.
The cerulean imp hits you with a +0 spear.
* * * LOW HITPOINT WARNING * * *
You sock Natasha!
You kill Natasha!
Natasha growls in agony!
The cerulean imp disappears in a puff of smoke! x3
The giant cockroach bites you.
You die...

#.####.... ####### #.# #..#.
#.....# #.####..#. #.....#
#.......#. #.....#########
#######.#.
#######.....#....(..##########.#<
..............................>..
#.#####.....#....§..#. ..........
#....########..[@..§# #######...
#.........# #####B....# #.......
######†.).# .§...# #.###.##
#..).####.# ....... #.# #.#
#..)......# ....... #.###.##
#.####....# ....... #.##....
#....###### ......# #.##....
#.........# ......# #.##....
######.†..# #.###.##


You could see a giant cockroach.

Vanquished Creatures
  Natasha (D:2)
  3 adders (D:2)
  A worm (D:2)
  A dart slug (D:2)
  8 bats
  7 endoplasms
  2 giant cockroaches
  5 goblins
  3 hobgoblins
  3 jackals
  4 quokkas
  3 ball pythons
  2 frilled lizards (D:1)
  2 kobolds
  4 rats
49 creatures vanquished.

Notes
Turn   | Place    | Note
-------+----------+-------------------------------------------
     0 | D:1      | Dittersdorf the Gargoyle Fighter began the quest for the
                  | Orb.
     0 | D:1      | Reached XP level 1. HP: 14/14 MP: 1/1
    52 | D:1      | Reached XP level 2. HP: 16/19 MP: 2/2
   449 | D:1      | Reached XP level 3. HP: 23/23 MP: 3/3
  1103 | D:2      | Reached XP level 4. HP: 29/29 MP: 4/4
  1255 | D:2      | Got a clothbound book
  1422 | D:2      | Noticed Natasha
  1436 | D:2      | HP: 1/29 [cerulean imp/+0 spear[Natasha] (3)]
  1437 | D:2      | Killed Natasha
  1437 | D:2      | Slain by a giant cockroach

Illustrated notes

Levels and vault maps discovered:
D:1:      sevenhm_arrival_forest_fort_small_3, layout_loops_ring,
          serial_aquarium, aquarium_bridge_island_small
          [aquarium_subvault_small_open, aquarium_subvault_balcony,
          aquarium_subvault_bridge, aquarium_subvault_wall,
          aquarium_subvault_bridge], aquarium_window_corridor_3,
          aquarium_window_fake, aquarium_window_fake, aquarium_view_2d,
          aquarium_view_2c, aquarium_balcony_1a, aquarium_pool_1
D:2:      minmay_angry_zag, layout_basic, hellmonk_ecumenical_altar_crossroads,
          uniq_natasha

Skill      XL: |  1  2  3  4 |
---------------+-------------+-----
Fighting       | 4 |  4.0
Armour         | 4 |  4.0
Shields        | 4 |  4.0
Maces & Flails | |  2.8

Action                     |  1- 3 |  4- 6 || total
---------------------------+-------+-------++-------
  Melee: Flail             |   123 |    69 ||   192
 Armour: Scale mail        |   107 |       ||   107
         Chain mail        |       |    96 ||    96
  Dodge: Dodged            |    68 |    45 ||   113
  Block: Buckler           |    25 |    27 ||    52

Table legend: (Time is in decaauts)
 A = Elapsed time spent in this place.
 B = Non-inter-level travel time spent in this place.
 C = Inter-level travel time spent in this place.
 D = Time resting spent in this place.
 E = Time spent auto-exploring this place.
 F = Levels seen in this place.
 G = Mean time per level.
                   A        B        C        D        E       F      G
               +--------+--------+--------+--------+--------+-----+--------+
         Total |   1497 |   1474 |     23 |      0 |   1057 |   2 |  748.5 |
       Dungeon |   1497 |   1474 |     23 |      0 |   1057 |   2 |  748.5 |
               +--------+--------+--------+--------+--------+-----+--------+

Top non-repeatable levels by time:
     D:1: 1047 daAuts
     D:2: 449 daAuts
